 Dungeon Crawl Stone Soup version 0.19.5 (console) character file.

163 Grinner the Sneak (level 5, 0/27 HPs)
             Began as a Spriggan Fighter on Mar 30, 2017.
             Slain by an orc
             ... wielding a +0 falchion
              (5 damage)
             ... on level 3 of the Dungeon.
             The game lasted 00:06:01 (3798 turns).

Grinner the Sneak (Spriggan Fighter)                Turns: 3798, Time: 00:06:01

Health: 0/27       AC:  5    Str: 12    XL:     5   Next: 20%
Magic:  6/6        EV: 20    Int:  9    God:
Gold:   181        SH:  0    Dex: 17    Spells: 0 memorised, 4 levels left

rFire  . . .     SeeInvis +     a - +0 rapier
rCold  . . .     Gourm    .     b - +0 robe
rNeg   . . .     Faith    .     (shield restricted)
rPois  .         Spirit   .     (helmet restricted)
rElec  .         Reflect  .     g - +2 cloak
rCorr  .         Harm     .     (gloves unavailable)
MR     .....                    (boots unavailable)
Stlth  +++.......               (no amulet)
                                (no ring)
                                d - ring of wizardry

@: very quick
A: unfitting armour, see invisible, herbivore 3, speed 3, slow metabolism 2
a: no special abilities


You were on level 3 of the Dungeon.
You were not hungry.

You visited 1 branch of the dungeon, and saw 3 of its levels.

You collected 181 gold pieces.

Inventory:

Hand Weapons
 a - a +0 rapier (weapon)
Armour
 b - a +0 robe (worn)
 c - a +0 buckler
 g - a +2 cloak (worn)
Jewellery
 d - a ring of wizardry (left hand)
Scrolls
 e - 3 scrolls of recharging {unknown}
 h - 2 scrolls of random uselessness {unknown}
 i - 2 scrolls of identify {unknown}
 k - a scroll of immolation {unknown}
 m - a scroll of remove curse {unknown}
 p - a scroll of enchant armour {unknown}
 q - a scroll of teleportation {unknown}
Potions
 j - a potion of haste
Comestibles
 f - 2 bread rations
 o - 4 fruits


   Skills:
 - Level 2.4 Fighting
 * Level 4.3 Short Blades
 - Level 4.4 Dodging
 * Level 4.7 Stealth
 + Level 2.6 Shields


You had 4 spell levels left.
You didn't know any spells.

Dungeon Overview and Level Annotations

Branches:
Dungeon (3/15)

Altars:
Dithmenos
Fedhas
Kikubaaqudgha
Ru
Xom
Zin


Innate Abilities, Weirdness & Mutations

You are very small and have problems with some larger weapons.
You are too small for most types of armour.
You have supernaturally acute eyesight. (SInv)
You are a herbivore.
You cover ground extremely quickly.
You need consume almost no food.


Message History

The orc priest is heavily wounded.
The orc priest misses you.
You barely miss the orc priest.
The orc priest is heavily wounded.
The orc priest hits you with a dagger.
* * * LOW HITPOINT WARNING * * *
You puncture the orc priest!
The orc priest is almost dead.
The orc priest closely misses you.
You hit the orc priest.
The orc priest is almost dead.
The orc priest hits you with a dagger.
* * * LOW HITPOINT WARNING * * *
You hit the orc priest.
You kill the orc priest!
You have reached level 5!
You feel agile.
You closely miss the orc. The orc misses you.
You hit the orc but do no damage. The orc hits you with a falchion.
You die...

#.........<...###.#
########..##......#
#..###.#####
#####..###.#######
#................#
#.###..####.(###.######
#.........)..# #......#
#.###..####..###.####.#
####)###..# #..@o..# #.# ##
#......#..# #.####.####.# #.
#.#.......####.## #.....<# #.
.......#.......<# #.###### #.
.#.........###..###.####### #.
.......#.#.......)........# #.
#.#.....##...รท####....###.###
##. #......###....#
#......)...###..
#.......##....#
#....##....##.#.


You could see an orc.

Vanquished Creatures
  An orc priest (D:3)
  4 adders
  An adder zombie (D:2)
  An adder skeleton (D:2)
  5 worms (D:2)
  4 dart slugs
  4 leopard geckos
  An orc (D:3)
  8 bats
  A giant cockroach (D:2)
  5 goblins
  8 hobgoblins
  7 jackals (D:1)
  5 frilled lizards
  2 giant cockroach zombies (D:2)
  A jackal skeleton (D:2)
  5 kobolds
  2 leopard gecko zombies (D:2)
  2 rats
67 creatures vanquished.

Notes
Turn   | Place    | Note
-------+----------+-------------------------------------------
     0 | D:1      | Grinner the Spriggan Fighter began the quest for the Orb.
     0 | D:1      | Reached XP level 1. HP: 11/11 MP: 2/2
    60 | D:1      | Reached XP level 2. HP: 2/16 MP: 3/3
   390 | D:1      | Reached skill level 1 in Stealth
   785 | D:1      | Reached XP level 3. HP: 19/19 MP: 4/4
  1460 | D:2      | Reached XP level 4. HP: 16/23 MP: 5/5
  2560 | D:2      | Found a shimmering altar of Xom.
  2560 | D:2      | Found a glowing silver altar of Zin.
  2565 | D:2      | Found a blossoming altar of Fedhas.
  2567 | D:2      | Found a shadowy altar of Dithmenos.
  2568 | D:2      | Found an ancient bone altar of Kikubaaqudgha.
  3138 | D:2      | Found a sacrificial altar of Ru.
  3796 | D:3      | Reached XP level 5. HP: 5/27 MP: 6/6
  3798 | D:3      | Slain by an orc

Skill      XL: |  1  2  3  4 |
---------------+-------------+-----
Stealth        | 1 2 4 |  4.7
Short Blades   | 3 4 |  4.3
Fighting       | |  2.4
Dodging        | |  4.4
Shields        | |  2.6

Action                   |  1- 3 |  4- 6 || total
-------------------------+-------+-------++-------
Melee: Rapier            |   158 |   132 ||   290
  Use: Potion            |     2 |     2 ||     4
 Stab: Sleeping          |     5 |     5 ||    10
       Distracted        |       |     1 ||     1
  Eat: Royal jelly       |       |     1 ||     1
Armor: Robe              |    18 |    12 ||    30
Dodge: Dodged            |   183 |    89 ||   272
